 Dungeon Crawl Stone Soup version 0.20-a0-1000-g0e8f6bb (webtiles) character file.

19345 mistymad the Grappler (level 12, -4/115 HPs)
             Began as a Troll Earth Elementalist on Apr 12, 2017.
             Slain by an eight-headed hydra (15 damage)
             ... on level 11 of the Dungeon.
             The game lasted 00:36:50 (10645 turns).

mistymad the Grappler (Troll Earth Elementalist)   Turns: 10645, Time: 00:36:51

Health: -4/115     AC:  9    Str: 19    XL:     12   Next: 35%
Magic:  17/17      EV:  9    Int: 17    God:
Gold:   183        SH:  0    Dex: 10    Spells: 14/19 levels left

rFire    + . .     SeeInvis .   M - +0 giant spiked club
rCold    + . .     Gourm    +   (shield currently unavailable)
rNeg     . . .     Faith    .   F - +0 troll leather armour {Purgy}
rPois    +         Spirit   .   (helmet restricted)
rElec    .         Reflect  .   c - +1 cloak {rPois}
rCorr    .         Harm     .   (gloves unavailable)
MR       .....     Clarity  +   (boots unavailable)
Stlth    +.........             n - amulet of regeneration
Regen    1.9/turn               H - ring of protection from fire
MPRegen  0.2/turn               u - ring of protection from cold

@: starving, heavily drained
A: unfitting armour, claws 3, horns 1, blurry vision 1, clarity, clever 1, fast
metabolism 3, frail 1, gourmand, mutation resistance 2, sense surroundings 1,
regeneration 2, shaggy fur 1, tough skin 2
a: no special abilities


You were on level 11 of the Dungeon.
You were starving.

You visited 2 branches of the dungeon, and saw 14 of its levels.
You also visited: Sewer.

You collected 619 gold pieces.
You spent 436 gold pieces at shops.

Inventory:

Hand Weapons
 M - a +0 giant spiked club (weapon)
Missiles
 b - 315 stones (quivered)
Armour
 c - a +1 cloak of poison resistance (worn)
 F - a +0 troll leather armour (worn) {Purgy}
 S - a +2 robe of cold resistance
Jewellery
 n - an amulet of regeneration (around neck)
 o - an uncursed ring of positive energy
 u - a ring of protection from cold (right claw)
 v - an uncursed ring of resist corrosion
 x - an uncursed ring of stealth
 H - a ring of protection from fire (left claw)
 P - an uncursed ring of ice
Wands
 y - a wand of digging (12/24)
 A - a wand of flame (29/48)
 I - a wand of paralysis (2/24)
 N - a wand of flame (6/48)
Scrolls
 a - a scroll of fear
 g - a scroll of random uselessness
 i - a scroll of identify
 k - 7 scrolls of remove curse
 l - 2 scrolls of fog
 p - 5 scrolls of blinking
 r - 4 scrolls of enchant weapon
 s - 5 scrolls of teleportation
 w - 3 scrolls of noise
 E - a scroll of acquirement {unknown}
 G - 2 scrolls of magic mapping {unknown}
 J - 2 scrolls of amnesia {unknown}
 K - 2 scrolls of summoning {unknown}
 O - 2 scrolls of recharging {unknown}
Potions
 f - 2 potions of heal wounds
 m - a potion of flight
 q - 2 potions of magic
 t - 2 potions of berserk rage {!q}
 z - 2 potions of haste
 B - 2 potions of might
 L - 2 potions of lignification {!q}
Books
 e - a book of Geomancy

   Spells                             Type                      Level
   a - Sandblast                      Earth                        1
   b - Passwall                       Transmutation/Earth          2
   c - Stone Arrow                    Conjuration/Earth            3
   d - Petrify                        Transmutation/Earth          4
   e - Lee's Rapid Deconstruction     Earth                        5
 R - a book of Minor Magic

   Spells                             Type                      Level
   a - Magic Dart                     Conjuration                  1
   b - Blink                          Translocation                2
   c - Call Imp                       Summoning                    2
   d - Slow                           Hexes                        2
   e - Conjure Flame                  Conjuration/Fire             3
   f - Mephitic Cloud                 Conjuration/Poison/Air       3
 T - the Tome of Torrid Protection
   (You found it on level 12 of the Dungeon)

   Spells                             Type                      Level
   a - Infusion                       Charms                       1
   b - Flame Tongue                   Conjuration/Fire             1
   c - Bolt of Magma                  Conjuration/Fire/Earth       5
   d - Deflect Missiles               Charms/Air                   6
   e - Ring of Flames                 Charms/Fire                  7
Comestibles
 d - 7 bread rations
 h - 7 royal jellies
 j - a fruit
 D - 7 meat rations


   Skills:
 + Level 10.8(9.2) Fighting
 - Level 1.5(0.3) Dodging
 - Level 1.0(0.0) Stealth
 + Level 12.6(11.0) Unarmed Combat
 + Level 4.3(3.0) Spellcasting
 - Level 0.6(0.0) Transmutations
 + Level 7.0(5.7) Earth Magic


You had 14 spell levels left.
You knew the following spells:

 Your Spells              Type           Power        Failure   Level  Hunger
a - Sandblast             Erth           ###...       2%          1    None
b - Blink                 Tloc           N/A          34%         2    ##.....
c - Passwall              Tmut/Erth      ##........   12%         2    ##.....


Dungeon Overview and Level Annotations

Branches:
Dungeon (13/15)            Temple (1/1) D:6            Lair (0/6) D:8
    Orc (0/2) D:9
 Vaults: D:13-14

Altars:
Ashenzari
Cheibriados
Dithmenos
Elyvilon
Fedhas
Gozag
Hepliaklqana
Kikubaaqudgha
Makhleb
Nemelex Xobeh
Okawaru
Qazlal
Ru
Sif Muna
Trog
Uskayaw
Vehumet
Wu Jian
Xom
Yredelemnul
Zin
The Shining One

Shops:
D:7 [   D:9 *   D:12 %[?**

Portals:
Trove: D:11 (give 8 potions of agility)


Innate Abilities, Weirdness & Mutations

You are too large for most types of armour.
You have claws for hands.
Your metabolism is lightning-fast.
You like to eat raw meat.
You heal very quickly.
You are covered in fur. (AC +1)
You have very tough skin. (AC +2)
You have a pair of small horns on your head.
Scrolls take you a little longer to read.
You possess an exceptional clarity of mind.
Your mind is acute. (Int +2)
You are frail. (-10% HP)
You are somewhat resistant to both further mutation and mutation removal.
You passively map a small area around you.


Message History

The eight-headed hydra bites you but does no damage.
The eight-headed hydra bites you.
* * * LOW HITPOINT WARNING * * *
The eight-headed hydra bites you!
* * * LOW HITPOINT WARNING * * *
The eight-headed hydra bites you.
* * * LOW HITPOINT WARNING * * *
You take 40 damage, and have 21/115 hp.
MASSIVE DAMAGE!!
Really read with blurry vision while enemies are nearby?
Okay, then.
Really read with blurry vision while enemies are nearby?
You begin reading the scroll.
You continue reading the scroll.
The eight-headed hydra bites you.
* * * LOW HITPOINT WARNING * * *
The eight-headed hydra bites you.
* * * LOW HITPOINT WARNING * * *
The eight-headed hydra bites you.
* * * LOW HITPOINT WARNING * * *
The eight-headed hydra bites you!
You die...

##########
#........#
#.######.# ###
############.####
#.##### *...
..#...D@.......#
#...... #
#.##.#.#####...##.#
#.##### #. #.#.#.#
#.....#.###.#####
#.###....#
##...##.........#
#..#...###
##.........###.#
#.####
#.#######...... #.#
#.# #####.# ##.#
##+# #.... #..#
##...## #.#.#


You could see an eight-headed hydra.

Vanquished Creatures
  Harold (D:12)
  Fannar (D:12)
  The ghost of feelmyfire the Transmogrifier, a novice NaTm of Cheibriados (D:8)
  5 two-headed ogres
  Nergalle (D:12)
  An unseen horror (D:10)
  2 deep elf magi (D:12)
  3 ugly things
  The ghost of mistymad the Chiller, a novice MfIE (D:5)
  Maurice (D:8)
  3 komodo dragons
  2 tengu conjurers (D:9)
  A hornet (D:11)
  A troll (D:9)
  3 hippogriffs
  A wraith (D:11)
  Sigmund (D:3)
  A vampire (D:12)
  8 yaks (D:12)
  A hungry ghost (D:8)
  An acid dragon (D:12)
  A necrophage (D:13)
  7 orc warriors
  4 ice beasts
  4 sky beasts
  4 phantoms
  Purgy (Sewer)
  4 ogres
  An eye of draining (D:12)
  A centaur (D:13)
  A crocodile (D:9)
  2 big kobolds
  4 bullfrogs
  A water moccasin zombie (D:7)
  4 scorpions
  A water moccasin skeleton (D:7)
  A wyvern skeleton (D:7)
  6 killer bees
  4 howler monkeys
  3 electric eels (D:9)
  8 wights
  12 crimson imps
  7 orc priests
  2 gnoll shamans
  9 hounds
  6 jellies
  15 orc wizards
  A bullfrog skeleton (D:5)
  Jessica (D:3)
  A centaur skeleton (D:4)
  2 iguanas
  Ijyb (D:3)
  A killer bee zombie (D:10)
  10 worker ants
  A hound zombie (D:10)
  2 hound skeletons
  A worker ant zombie (D:6)
  12 adders
  10 gnolls
  3 shadow imps
  An adder zombie (D:10)
  3 worms
  8 leopard geckos
  56 orcs
  6 bats
  6 giant cockroaches
  19 goblins
  12 hobgoblins
  15 jackals
  13 kobolds
  3 quokkas
  A ball python (Sewer)
  9 frilled lizards
  A jackal zombie (D:8)
  A quokka skeleton (D:6)
  7 rats
  A plant (D:8)
361 creatures vanquished.

Vanquished Creatures (others)
  A sky beast (D:9)
  A shadow imp (D:5)
  An ooze (D:5)
  A plant (D:8)
4 creatures vanquished.

Grand Total: 365 creatures vanquished

Notes
Turn   | Place    | Note
-------+----------+-------------------------------------------
     0 | D:1      | mistymad the Troll Earth Elementalist began the quest for the Orb.
     0 | D:1      | Reached XP level 1. HP: 16/16 MP: 1/1
   116 | D:1      | Reached skill level 1 in Unarmed Combat
   167 | D:1      | Reached XP level 2. HP: 26/26 MP: 2/2
   208 | D:1      | Reached skill level 1 in Fighting
   736 | D:2      | Noticed an air elemental
   738 | D:2      | Found a stormy altar of Qazlal.
   739 | D:2      | Noticed a fire elemental
   739 | D:2      | Noticed a water elemental
   739 | D:2      | Noticed an earth elemental
   834 | D:2      | Reached XP level 3. HP: 26/33 MP: 3/3
   915 | D:2      | Reached skill level 2 in Unarmed Combat
  1338 | D:2      | Found a bloodstained altar of Trog.
  1375 | D:2      | Reached XP level 4. HP: 40/42 MP: 4/4
  1533 | D:3      | Noticed Ijyb
  1555 | D:3      | Killed Ijyb
  1571 | D:3      | Reached skill level 3 in Unarmed Combat
  1571 | D:3      | Reached XP level 5. HP: 50/50 MP: 5/5
  1611 | D:3      | Noticed Sigmund
  1644 | D:3      | Killed Sigmund
  1644 | D:3      | Reached skill level 4 in Unarmed Combat
  1644 | D:3      | Reached XP level 6. HP: 30/61 MP: 6/6
  2014 | D:3      | Noticed Jessica
  2019 | D:3      | Killed Jessica
  2346 | D:4      | Reached skill level 5 in Unarmed Combat
  2346 | D:4      | Reached XP level 7. HP: 47/70 MP: 7/7
  2517 | D:4      | Found a snail-covered altar of Cheibriados.
  2553 | D:4      | Found a shimmering altar of Xom.
  2553 | D:4      | Found a burning altar of Makhleb.
  2755 | D:4      | Reached skill level 6 in Unarmed Combat
  2924 | D:4      | Reached skill level 5 in Fighting
  2953 | D:4      | Found a deep blue altar of Sif Muna.
  3070 | D:5      | Entered Level 5 of the Dungeon
  3140 | D:5      | Reached XP level 8. HP: 80/80 MP: 8/8
  3145 | D:5      | Noticed mistymad's ghost (novice MfIE)
  3161 | D:5      | Killed mistymad's ghost
  3161 | D:5      | Reached skill level 7 in Unarmed Combat
  3211 | D:5      | Found a radiant altar of Vehumet.
  3228 | D:5      | Found a shadowy altar of Dithmenos.
  3295 | D:5      | Found a blossoming altar of Fedhas.
  3675 | D:5      | Gained mutation: Scrolls take you a little longer to read. [mutagenic meat]
  3757 | D:6      | Found a staircase to the Ecumenical Temple.
  3778 | D:6      | Reached skill level 8 in Unarmed Combat
  3818 | D:6      | Found a bloodstained altar of Trog.
  4185 | D:6      | Found a glowing drain.
  4199 | Sewer    | Entered a sewer
  4247 | Sewer    | Noticed Purgy
  4254 | Sewer    | Killed Purgy
  4254 | Sewer    | Reached XP level 9. HP: 84/92 MP: 9/9
  4687 | Temple   | Entered the Ecumenical Temple
  4891 | D:7      | Found Masazywn's Antique Armour Boutique.
  5112 | D:7      | Reached skill level 9 in Unarmed Combat
  5129 | D:7      | Found a glowing golden altar of the Shining One.
  5328 | D:7      | Found a glowing silver altar of Zin.
  5328 | D:7      | Found a hazy altar of Hepliaklqana.
  5568 | D:8      | Noticed a two-headed ogre
  5609 | D:8      | Found an opulent altar of Gozag.
  5680 | D:8      | Noticed feelmyfire's ghost (novice NaTm)
  5709 | D:8      | Killed feelmyfire's ghost
  5711 | D:8      | Reached skill level 10 in Unarmed Combat
  5876 | D:8      | Noticed a two-headed ogre
  6091 | D:8      | Found a staircase to the Lair.
  6092 | D:8      | Noticed a komodo dragon
  6100 | D:8      | Reached XP level 10. HP: 106/106 MP: 10/10
  6177 | D:8      | Killed a two-headed ogre
  6193 | D:8      | Killed a two-headed ogre
  6269 | D:8      | Reached skill level 11 in Unarmed Combat
  6317 | D:9      | Noticed Maurice
  6529 | D:8      | Paralysed by Maurice for 5 turns
  6536 | D:8      | Killed Maurice
  6918 | D:9      | Found Hein's General Store.
  7156 | D:9      | Reached XP level 11. HP: 100/117 MP: 13/13
  7547 | D:9      | Found a staircase to the Orcish Mines.
  7702 | D:9      | Found a shattered altar of Ashenzari.
  7772 | D:9      | Gained mutation: You passively map a small area around you. [mutagenic meat]
  7773 | D:9      | Gained mutation: You are frail. (-10% HP) [mutagenic meat]
  7774 | D:9      | Gained mutation: Armour fits poorly on your strangely shaped body. [mutagenic meat]
  7775 | D:9      | Lost mutation: Armour fits poorly on your strangely shaped body. [mutagenic meat]
  7776 | D:9      | Gained mutation: You heal very quickly. [mutagenic meat]
  7793 | D:10     | Entered Level 10 of the Dungeon
  8002 | D:10     | Gained mutation: You possess an exceptional clarity of mind. [mutagenic meat]
  8050 | D:10     | Learned a level 2 spell: Blink
  8053 | D:10     | Learned a level 2 spell: Passwall
  8067 | D:10     | Noticed a two-headed ogre
  8074 | D:10     | Killed a two-headed ogre
  8074 | D:10     | Reached skill level 5 in Earth Magic
  8075 | D:10     | Noticed a two-headed ogre
  8083 | D:10     | Killed a two-headed ogre
  8326 | D:10     | Reached skill level 10 in Fighting
  8423 | D:10     | Killed an unseen horror
  8565 | D:10     | You fall through a shaft for 3 floors!
  8574 | D:13     | Noticed a skeletal warrior
  8575 | D:13     | Noticed a skeletal warrior
  8615 | D:13     | Noticed a brown ugly thing
  8632 | D:13     | Noticed a white ugly thing
  8678 | D:13     | Killed a brown ugly thing
  8731 | D:12     | Noticed a red ugly thing
  8735 | D:12     | Found Geher's Magic Scroll Emporium.
  8771 | D:12     | Killed a red ugly thing
  8771 | D:12     | Reached skill level 12 in Unarmed Combat
  8791 | D:12     | Gained mutation: Your mind is acute. (Int +2) [mutagenic meat]
  8792 | D:12     | Gained mutation: You are somewhat resistant to further mutation. [mutagenic meat]
  8793 | D:12     | Gained mutation: You are somewhat resistant to both further mutation and mutation removal. [mutagenic meat]
  8794 | D:12     | Gained mutation: You have a pair of small horns on your head. [mutagenic meat]
  8805 | D:12     | Identified the Tome of Torrid Protection
  8808 | D:12     | Bought a scroll of teleportation for 42 gold pieces
  8857 | D:12     | Noticed Nergalle
  8868 | D:12     | Killed Nergalle
  8882 | D:12     | Noticed a green ugly thing
  8891 | D:12     | Killed a green ugly thing
  8944 | D:12     | Found Gippeul's Food Shoppe.
  9050 | D:12     | Noticed a deep elf mage
  9063 | D:12     | Killed a deep elf mage
  9076 | D:12     | Reached XP level 12. HP: 114/114 MP: 1/16
  9258 | D:12     | Noticed Fannar
  9261 | D:12     | Found Xecuag's General Store.
  9281 | D:12     | Killed Fannar
  9292 | D:12     | Bought a scroll of identify for 32 gold pieces
  9349 | D:12     | Found Mili's Armour Shop.
  9352 | D:12     | Bought a +1 cloak of poison resistance for 202 gold pieces
  9495 | D:12     | Found Pilest's Assorted Antiques.
  9504 | D:12     | Bought a lumpy pearl amulet for 160 gold pieces
  9535 | D:12     | Noticed Harold
  9546 | D:12     | Killed Harold
  9940 | D:11     | Noticed a two-headed ogre
  9952 | D:11     | HP: 5/115 [two-headed ogre/giant club (8)]
  9953 | D:11     | Killed a two-headed ogre
 10144 | D:11     | Found a portal to a secret trove of treasure.
 10594 | D:11     | Noticed a five-headed hydra
 10645 | D:11     | Slain by an eight-headed hydra

Vault maps used:
D:1:      lightli_arrival_isolated_outpost
D:2:      cheibrodos_helix_gallery, nicolae_qazlal_style_of_elements,
          first_bread, trog_hazing_becter
D:3:      cheibrodos_pilgrimage, uniq_iyjb, uniq_sigmund, uniq_jessica
D:4:      grunt_temple_overflow_champion_of_chaos,
          lemuel_coloured_pillars_altar, led_sif_pool
D:5:      fiery_altar_vehumet, kennysheep_mini_moat, fedhas_altar_3
D:6:      wad_river_or_something, lightli_temple_of_fire,
          minmay_temple_entry_mist, portal_sewer_entry_f, minivault_19
D:7:      nicolae_tso_carved_into_rock, gammafunk_temple_overflow_wave,
          serial_shops, shop
D:8:      david_lair_shrubbed, basic_altar
D:9:      marbit_many_paths, erik_orc_2, serial_shops,
          nicolae_shop_behind_doors, uniq_maurice
D:11:     enter_trove_2
D:12:     serial_shops, shop, nicolae_shop_overgrown_old_shop, shop,
          nicolae_shop_statue_plus, kennysheep_mini, uniq_fannar, uniq_nergalle,
          uniq_harold
D:13:     uniq_erolcha
Temple:   jpeg_temple_island
Sewer:    sewer_co_purgy_island

Skill      XL: |  1  2  3  4  5  6  7  8  9 10 11 12 |
---------------+-------------------------------------+-----
Unarmed Combat | 1 2 3 4 5 6 8 10 11 12 | 12.6
Fighting       | 1 2 3 4 5 6 8 9 10 | 10.8
Earth Magic    | 4 6 7 |  7.0
Spellcasting   | 2 3 4 |  4.3
Dodging        | |  1.5
Stealth        | |  1.0
Transmutations | |  0.6

Action                   |  1- 3 |  4- 6 |  7- 9 | 10-12 || total
-------------------------+-------+-------+-------+-------++-------
Melee: Unarmed           |   159 |   196 |   340 |   600 ||  1295
       Punch             |     1 |     3 |    10 |    31 ||    45
       Headbutt          |       |       |       |    28 ||    28
       Giant spiked club |       |       |       |     1 ||     1
Throw: Stone             |       |       |    10 |     3 ||    13
  Use: Potion            |       |     3 |       |       ||     3
       Scroll            |       |       |       |    14 ||    14
 Stab: Distracted        |       |       |     2 |     1 ||     3
       Sleeping          |       |       |     2 |       ||     2
  Eat: Chunk             |    17 |    10 |    36 |    45 ||   108
Armor: Robe              |    74 |    72 |   102 |       ||   248
       Troll leather arm |       |       |    52 |   272 ||   324
Dodge: Dodged            |    95 |   113 |   170 |   222 ||   600
